 Dungeon Crawl Stone Soup version 0.21.1-1-g345015f (webtiles) character file.

32 inc the Scratcher (level 3, 17/17 HPs)
             Began as a Felid Monk on Mar 7, 2018.
             Quit the game on level 3 of the Dungeon.
             The game lasted 00:02:08 (2224 turns).

inc the Scratcher (Felid Monk)                      Turns: 2224, Time: 00:02:09

Health: 17/17      AC:  1    Str:  7    XL:     3   Next: 10%
Magic:  4/4        EV: 19    Int: 12    God:
Gold:   107        SH:  0    Dex: 18    Spells: 2/2 levels left
                                        Lives:  0   Deaths: 1

rFire    . . .     SeeInvis +     - Unarmed
rCold    . . .     Gourm    .   (shield unavailable)
rNeg     . . .     Faith    .   (armour unavailable)
rPois    .         Spirit   .   (helmet unavailable)
rElec    .         Reflect  .   (cloak unavailable)
rCorr    .         Harm     .   (gloves unavailable)
MR       .....                  (boots unavailable)
Stlth    +++.......             (no amulet)
HPRegen  0.05/turn              (no ring)
MPRegen  0.09/turn              (no ring)

@: quick
A: very small, no armour, no weapons or thrown items, stealth, claws 1, fangs 3,
see invisible, carnivore, speed 1, shaggy fur 1, slow metabolism 1, sharp paws
a: no special abilities


You were on level 3 of the Dungeon.
You were not hungry.

You visited 1 branch of the dungeon, and saw 3 of its levels.

You collected 107 gold pieces.

Inventory:

Jewellery
 h - a cursed -2 ring of slaying {unknown}
Scrolls
 b - a scroll of teleportation
 e - a scroll of identify {unknown}
 f - 2 scrolls of random uselessness
Potions
 c - a potion of agility {unknown}
 d - a potion of cancellation {unknown}
 g - a potion of mutation {unknown}
 i - a potion of haste {unknown}
Books
 j - a book of Cantrips

   Spells                             Type                      Level
   a - Confusing Touch                Hexes                        1
   b - Animate Skeleton               Necromancy                   1
   c - Summon Small Mammal            Summoning                    1
   d - Apportation                    Translocation                1
Comestibles
 a - 2 rations


   Skills:
 - Level 3.0 Fighting
 - Level 4.0 Dodging
 - Level 2.6 Stealth
 + Level 5.0 Unarmed Combat


You had 2 spell levels left.
You didn't know any spells.

Dungeon Overview and Level Annotations

Branches:
Dungeon (3/15)

Altars:


Innate Abilities, Weirdness & Mutations

You cannot wear armour.
You are incapable of wielding weapons or throwing items.
Your paws allow you to move quietly. (Stealth)
You have sharp claws.
You have razor-sharp teeth.
You have supernaturally acute eyesight. (SInv)
You are carnivorous and can eat meat at any time.
You cover ground quickly.
You are covered in fur. (AC +1)
You have a slow metabolism.
Your sharp claws are effective at attacking unaware monsters.


Message History

Found 10 sling bullets and 8 gold pieces.
Found a stone staircase leading down.
The orc wizard completely misses you.
You scratch the orc wizard but do no damage.
The orc wizard is severely wounded.
The orc wizard hits you with a dagger.
You are too injured to fight recklessly!
You are too injured to fight recklessly!
You barely miss the orc wizard.
The orc wizard is severely wounded.
The orc wizard barely misses you.
You scratch the orc wizard.
The orc wizard is almost dead.
The orc wizard misses you.
The orc wizard gestures at you while chanting.
The magic dart hits you!
You die...
You are now level 3!
You rejoin the land of the living...
Are you sure you want to abandon this character and quit the game? (Confirm with "yes".)

####### #.....#
#..@..#
#.......... ##
...........## ..
............... #.
#.........#.... ..
.###........... ..
#........... ..
#...............>.
.. ..$........


There were no monsters in sight!

Vanquished Creatures
  3 adders (D:2)
  2 dart slugs
  2 orcs (D:3)
  3 giant cockroaches (D:1)
  6 hobgoblins
  4 jackals
  A ball python (D:2)
  3 bats
  4 frilled lizards
  6 goblins
  4 kobolds
  5 rats (D:1)
43 creatures vanquished.

Notes
Turn   | Place    | Note
-------+----------+-------------------------------------------
     0 | D:1      | inc the Felid Monk began the quest for the Orb.
     0 | D:1      | Reached XP level 1. HP: 10/10 MP: 2/2
   268 | D:1      | Reached XP level 2. HP: 7/14 MP: 3/3
   692 | D:1      | Reached skill level 4 in Unarmed Combat
  1218 | D:2      | Reached XP level 3. HP: 17/17 MP: 4/4
  1740 | D:2      | Reached XP level 4. HP: 13/21 MP: 5/5
  2181 | D:3      | Reached skill level 5 in Unarmed Combat
  2183 | D:3      | Noticed a phantom
  2223 | D:3      | Killed from afar by an orc wizard
  2224 | D:3      | Reached XP level 3. HP: 0/17 MP: 4/4
  2224 | D:3      | Quit the game

Skill      XL: |  1  2  3  4 |
---------------+-------------+-----
Unarmed Combat | 4 5 |  5.0
Fighting       | |  3.0
Dodging        | |  4.0
Stealth        | |  2.6

Action                   |  1- 3 |  4- 6 || total
-------------------------+-------+-------++-------
Melee: Unarmed           |    83 |    17 ||   100
       Bite              |     7 |     2 ||     9
       Punch             |     1 |       ||     1
  Use: Scroll            |     6 |       ||     6
 Stab: Sleeping          |    12 |     2 ||    14
  Eat: Chunk             |     2 |       ||     2
Armor: Skin              |     2 |       ||     2
Dodge: Dodged            |    60 |    12 ||    72
